 Dungeon Crawl Stone Soup version 0.29-a0-474-gdfe5cd140f (webtiles) character file.

Game seed: 7502590498579866962

720 siradein the Fighter (level 7, -5/88 HPs)
             Began as an Ogre Fighter on May 24, 2022.
             Slain by an ice beast (12 damage)
             ... on level 5 of the Dungeon.
             The game lasted 00:10:52 (4960 turns).

siradein the Fighter (Ogre Fighter)                 Turns: 4960, Time: 00:10:53

Health: -5/88      AC:  4    Str: 21    XL:     7   Next: 70%
Magic:  7/7        EV:  9    Int: 17    God:
Gold:   239        SH:  8    Dex: 14    Spells: 6/6 levels left

rFire   . . .      SeeInvis .   a - +0 trident
rCold   . . .      Faith    .   c - +0 kite shield
rNeg    . . .      Spirit   .   b - +0 robe
rPois   .          Reflect  .   (helmet restricted)
rElec   .          Harm     .   B - +0 cloak
rCorr   .          Rampage  .   (gloves unavailable)
Will    .....                   (boots unavailable)
Stlth   +.........              (no amulet)
HPRegen 0.24/turn               k - +6 ring of dexterity
MPRegen 0.10/turn               l - +6 ring of intelligence

@: no status effects
A: large, unfitting armour, tough skin 1
a: no special abilities


You were on level 5 of the Dungeon.
You visited 1 branch of the dungeon, and saw 5 of its levels.

You collected 239 gold pieces.

Inventory:

Hand Weapons
 a - a +0 trident (weapon)
Armour
 b - a +0 robe (worn)
 c - a +0 kite shield (worn)
 B - a +0 cloak (worn)
Jewellery
 k - a +6 ring of dexterity (left hand)
 l - a +6 ring of intelligence (right hand)
 s - a ring of flight
Wands
 i - a wand of paralysis (14)
 q - a wand of mindburst (20)
 r - a wand of charming (5)
Scrolls
 e - a scroll of teleportation {unknown}
 g - a scroll of blinking
 h - a scroll of brand weapon
 m - 2 scrolls of amnesia
 p - 2 scrolls of fear
 t - 2 scrolls of vulnerability {unknown}
 w - a scroll of torment {unknown}
 y - 3 scrolls of immolation {unknown}
 A - a scroll of identify
 C - a scroll of enchant weapon {unknown}
Potions
 d - a potion of might
 f - a potion of resistance
 j - a potion of berserk rage
 n - 2 potions of heal wounds
 o - 2 potions of haste
 u - a potion of attraction {unknown}
 v - a potion of degeneration {unknown}
 x - a potion of flight {unknown}
 z - a potion of brilliance {unknown}


   Skills:
 + Level 11.4 Fighting
 - Level 2.0 Polearms
 - Level 2.6 Dodging
 - Level 3.0 Shields


You had 6 spell levels left.
You didn't know any spells.
Your spell library contained the following spells:

 Spells                   Type           Power      Damage    Failure   Level
 Sandblast                Erth           0%         2d4       50%         1
 Summon Small Mammal      Summ           0%         N/A       50%         1
 Passwall                 Tmut/Erth      0%         N/A       63%         2
 Call Canine Familiar     Summ           0%         N/A       86%         3
 Conjure Flame            Conj/Fire      0%         6-21      86%         3
 Ignite Poison            Fire/Tmut/Pois 0%         N/A       86%         3
 Stone Arrow              Conj/Erth      0%         3d7       86%         3
 Summon Guardian Golem    Hex/Summ       0%         N/A       86%         3
 Leda's Liquefaction      Hex/Erth       0%         N/A       99%         4
 Sticky Flame             Conj/Fire      0%         2d3       99%         4
 Lee's Rapid Deconstruct  Erth           0%         3d5*      100%        5
 Statue Form              Tmut/Erth      0%         N/A       100%        6


Dungeon Overview and Level Annotations

Branches:
Dungeon (5/15)
 Temple: D:4-7

Altars:
Elyvilon


Innate Abilities, Weirdness & Mutations

You are too large for most types of armour.
You have tough skin. (AC +1)


Message History

You are too injured to fight recklessly!
You barely miss the ice beast.
The ice beast is heavily wounded.
The ice beast hits you but does no damage.
You hit the ice beast but do no damage.
The ice beast is heavily wounded.
The ice beast hits you. The ice beast freezes you!
* * * LOW HITPOINT WARNING * * *
The ice beast closely misses you.
You barely miss the ice beast.
The ice beast is heavily wounded.
The ice beast barely misses you.
You barely miss the ice beast.
The ice beast is heavily wounded.
The ice beast closely misses you.
You hit the ice beast.
The ice beast is heavily wounded.
You block the ice beast's attack. The ice beast hits you.
* * * LOW HITPOINT WARNING * * *
The ice beast freezes you!
* * * LOW HITPOINT WARNING * * *
You closely miss the ice beast.
The ice beast is heavily wounded.
The ice beast hits you but does no damage.
You hit the ice beast.
The ice beast is heavily wounded.
The ice beast hits you.
* * * LOW HITPOINT WARNING * * *
The ice beast freezes you!
* * * LOW HITPOINT WARNING * * *
You hit the ice beast but do no damage.
The ice beast is heavily wounded.
The ice beast hits you but does no damage.
You hit the ice beast.
The ice beast is severely wounded.
The ice beast hits you but does no damage.
The ice beast hits you.
* * * LOW HITPOINT WARNING * * *
The ice beast freezes you!
You die...

.O. ...#... ...
......# ... #.....
###.# #....
O.###.#.. .... ..
......### #.. #.##
#.....####.##....#
##
###.....##.@Y.....#
#.#
##...#...###.#....##
...##....#....##.#
##.#
........##.....#.###
............#.##...#
..................##
...............#.##
............)..###
......[......###


You could see an ice beast.

Vanquished Creatures
  Grinder (D:2)
  A black bear (D:5)
  A necrophage (D:5)
  A hound (D:5)
  2 orc priests (D:4)
  An iguana (D:4)
  2 orc wizards
  Natasha (thrice) (D:4)
  3 adders
  2 ufetubi
  2 worms
  3 dart slugs
  10 orcs
  9 endoplasms
  4 giant cockroaches
  8 hobgoblins
  3 jackals
  5 kobolds
  7 quokkas
  A ball python (D:3)
  6 bats
  2 goblins (D:1)
  5 rats
82 creatures vanquished.

Notes
Turn   | Place    | Note
-------+----------+-------------------------------------------
     0 | D:1      | siradein the Ogre Fighter began the quest for the Orb.
     0 | D:1      | Reached XP level 1. HP: 24/24 MP: 1/1
   121 | D:1      | Reached XP level 2. HP: 21/33 MP: 2/2
   320 | D:1      | Found a faded altar of an unknown god.
   367 | D:1      | Reached skill level 5 in Fighting
   630 | D:1      | Reached XP level 3. HP: 42/42 MP: 3/3
   994 | D:2      | Reached skill level 6 in Fighting
  1533 | D:2      | Reached XP level 4. HP: 29/53 MP: 4/4
  1860 | D:3      | Noticed Grinder
  1880 | D:2      | Paralysed by Grinder for 5 turns
  1888 | D:2      | Killed Grinder
  1889 | D:2      | Reached skill level 8 in Fighting
  1889 | D:2      | Reached XP level 5. HP: 37/66 MP: 5/5
  1889 | D:2      | Reached XP level 6. HP: 41/74 MP: 6/6
  2102 | D:3      | You fall into a shaft and drop 1 floor!
  2134 | D:4      | Reached skill level 9 in Fighting
  2143 | D:4      | HP: 3/75 [orc/+0 hand axe (5)]
  2966 | D:4      | Noticed Natasha
  2974 | D:4      | Killed Natasha
  3033 | D:4      | Noticed Natasha
  3043 | D:4      | Killed Natasha
  3249 | D:4      | Found a white marble altar of Elyvilon.
  3353 | D:4      | Noticed Natasha
  3371 | D:4      | Killed Natasha
  3905 | D:4      | Reached skill level 10 in Fighting
  3905 | D:4      | Reached XP level 7. HP: 61/85 MP: 7/7
  4204 | D:5      | Entered Level 5 of the Dungeon
  4693 | D:4      | Reached skill level 11 in Fighting
  4960 | D:5      | Slain by an ice beast

Illustrated notes

Levels and vault maps discovered:
D:1:      amcnicky_arrival_wind_blow, layout_basic,
          ebering_ecumenical_altar_petrified, kennysheep_another_room,
          minmay_door_square
D:2:      layout_loops_ring
D:3:      layout_rooms, uniq_grinder
D:4:      layout_basic, elyvilon_altar_1, uniq_natasha
D:5:      layout_cave_pools, temple_fountains, hangedman_abyss_or_decor_stabs,
          kennysheep_generic_room_7

Skill      XL: |  1  2  3  4  5  6  7 |
---------------+----------------------+-----
Fighting       | 5 6 8 10 11 | 11.4
Polearms       | |  2.0
Dodging        | |  2.6
Shields        | |  3.0

Action                   |  1- 3 |  4- 6 |  7- 9 || total
-------------------------+-------+-------+-------++-------
Melee: Trident           |   138 |   164 |    80 ||   382
  Use: Scroll            |       |     7 |       ||     7
       Potion            |       |     1 |       ||     1
 Stab: Sleeping          |     3 |       |       ||     3
Armor: Robe              |    39 |    27 |    42 ||   108
Dodge: Dodged            |    48 |    58 |    47 ||   153
Block: Kite shield       |    59 |    64 |    38 ||   161

Table legend: (Time is in decaauts)
 A = Elapsed time spent in this place.
 B = Non-inter-level travel time spent in this place.
 C = Inter-level travel time spent in this place.
 D = Time resting spent in this place.
 E = Time spent auto-exploring this place.
 F = Levels seen in this place.
 G = Mean time per level.
                   A        B        C        D        E       F      G
               +--------+--------+--------+--------+--------+-----+--------+
         Total |   5091 |   5012 |     79 |   1018 |   3016 |   5 | 1018.2 |
       Dungeon |   5091 |   5012 |     79 |   1018 |   3016 |   5 | 1018.2 |
               +--------+--------+--------+--------+--------+-----+--------+

Top non-repeatable levels by time:
     D:4: 2310 daAuts
     D:2: 1113 daAuts
     D:1: 783 daAuts
     D:3: 586 daAuts
     D:5: 297 daAuts
